 Dungeon Crawl Stone Soup version 0.17-a0-1311-gbcbd859 (webtiles) character file.

1383 onwiheg the Conjurer (level 8, 0/57 HPs)
             Began as a Demigod Wizard on June 8, 2015.
             Slain by an orc wizard
             ... wielding a +0 dagger
              (3 damage)
             ... on level 7 of the Dungeon.
             The game lasted 00:36:11 (8409 turns).

onwiheg the Conjurer (Demigod Wizard)               Turns: 8409, Time: 00:36:11

Health: 0/57       AC:  7    Str: 13    XL:     8   Next: 17%
Magic:  0/20       EV: 12    Int: 26    God:
Gold:   343        SH:  0    Dex: 14    Spells: 3 memorised, 12 levels left

rFire  . . .     SeeInvis .     q - +3 quarterstaff (chaos)
rCold  . . .     Clarity  .     a - +0 robe
rNeg   . . .     SustAt   +     (no shield)
rPois  .         Gourm    .     b - +0 hat
rElec  .         Spirit   +     t - +0 cloak
rCorr  .         Warding  .     A - +1 pair of gloves
rMut   .         Stasis   .     (no boots)
MR     .....                    N - amulet of guardian spirit
Stlth  ++........               o - +2 ring of protection
                                G - +3 ring of strength

@: very slightly contaminated, not resistant to hostile enchantments, unstealthy
A: high mp 1, sustain attributes
a: no special abilities


You were on level 7 of the Dungeon.
You were hungry.

You visited 1 branch of the dungeon, and saw 7 of its levels.

You collected 343 gold pieces.

Inventory:

Hand weapons
 q - a +3 quarterstaff of chaos (weapon)
 E - a +4 dagger
Missiles
 s - 50 poisoned needles
 w - a throwing net (quivered)
 K - 3 javelins
Armour
 a - a +0 robe (worn)
 b - a +0 hat (worn)
 l - a +0 buckler
 t - a +0 cloak (worn)
 A - a +1 pair of gloves (worn)
Jewellery
 o - a +2 ring of protection (right hand)
 G - a +3 ring of strength (left hand)
 N - an amulet of guardian spirit (around neck)
Magical devices
 u - a wand of digging (0)
 y - a wand of paralysis (11)
Scrolls
 g - 6 scrolls of remove curse
 j - 8 scrolls of identify
 v - a scroll of fear
 B - a scroll of fog {unknown}
 D - a scroll of enchant weapon {unknown}
 J - a scroll of magic mapping {unknown}
 M - 3 scrolls of noise {unknown}
Potions
 e - 3 potions of curing {unknown}
 h - a potion of mutation {unknown}
 i - a potion of ambrosia {unknown}
 k - 2 potions of might {unknown}
 m - a potion of heal wounds {unknown}
 n - 2 potions of haste {unknown}
 p - 3 potions of flight {unknown}
 r - a potion of degeneration {unknown}
 x - a potion of lignification {unknown}
 H - 2 potions of brilliance {unknown}
 I - a potion of agility
Books
 c - a book of Minor Magic

   Spells                             Type                      Level
   a - Magic Dart                     Conjuration                  1
   b - Blink                          Translocation                2
   c - Call Imp                       Summoning                    2
   d - Repel Missiles                 Charms/Air                   2
   e - Slow                           Hexes                        2
   f - Conjure Flame                  Conjuration/Fire             3
   g - Mephitic Cloud                 Conjuration/Poison/Air       3
Comestibles
 d - 4 bread rations
 f - 2 meat rations
 C - 6 fruits
 L - 2 royal jellies


   Skills:
 - Level 1.7 Dodging
 - Level 1.7 Stealth
 - Level 6.0 Spellcasting
 + Level 7.4 Conjurations
   Level 0.8 Summonings
   Level 0.8 Translocations


You had 12 spell levels left.
You knew the following spells:

 Your Spells              Type           Power        Failure   Level  Hunger
a - Magic Dart            Conj           ####         1%          1    None
b - Mephitic Cloud        Conj/Pois/Air  ###.....     10%         3    None
c - Conjure Flame         Conj/Fire      ####....     6%          3    None


Dungeon Overview and Level Annotations

Branches:
Dungeon (7/15)             Temple (0/1) D:5

Shops:
D:5 (   D:7 [


Innate Abilities, Weirdness & Mutations

You have an increased reservoir of magic (+10% MP).
Your attributes are resistant to harm.


Message History

* * * LOW HITPOINT WARNING * * *
Unknown command.
Unknown command.
Unknown command.
Unknown command.
Unknown command.
Unknown command.
The orc wizard is engulfed in noxious fumes.
The orc wizard appears confused.
The orc wizard hits the orc priest but does no damage.
The orc priest barely misses itself.
The orc warrior hits you from afar with a glaive!!
* * * LOW HITPOINT WARNING * * *
Unknown command.
Unknown command.
Drink which item? (? for menu, Esc to quit)
Okay, then.
You feel less confused. Something hits you.
You die...

####### ##.....# ########
########## .+.....# .. #......#
.#....+.... .#≈≈≈≈≈ ≈≈ #......#
..#....#.... ..≈#≈≈
≈≈#≈.+...@o.#...+....#....
..≈#≈###≈#≈.#....o.oo..#....#....
.#≈#≈≈≈≈≈#≈.#......#...#....#....
##≈≈≈≈≈≈≈≈≈+###..### ####.###'##+
#.............#..########+#......
#.............#..'...#....+......
#.............#..#...+....#......
#.....).......#..#...##...#......
###...##'#....+..##..##...#....##


You could see an orc warrior, 2 orc priests and an orc wizard (confused).

Vanquished Creatures
  An orc warrior (D:6)
  3 ogres (D:6)
  A centaur (D:6)
  A giant frog (D:7)
  A wyvern skeleton (D:6)
  4 wights (D:6)
  A scorpion (D:6)
  A crimson imp (D:5)
  A giant frog zombie (D:6)
  Crazy Yiuf (D:2)
  Ijyb (D:1)
  2 jellies
  A giant frog skeleton (D:4)
  An orc wizard (D:6)
  2 iguanas
  Natasha (thrice) (D:2)
  3 worker ants
  A mummy (D:6)
  8 adders
  2 oozes
  An adder skeleton (D:6)
  3 worms (D:2)
  9 giant geckos
  6 orcs
  A ball python (D:5)
  A bat skeleton (D:4)
  A bat zombie (D:5)
  3 giant cockroaches
  22 goblins
  10 hobgoblins
  12 jackals
  A ball python skeleton (D:4)
  15 bats
  A giant newt (D:5)
  A jackal skeleton (D:7)
  16 kobolds
  A quokka skeleton (D:6)
  8 rats
151 creatures vanquished.

Notes
Turn   | Place    | Note
--------------------------------------------------------------
     0 | D:1      | onwiheg the Demigod Wizard began the quest for the Orb.
     0 | D:1      | Reached XP level 1. HP: 14/14 MP: 6/6
    38 | D:1      | Reached skill level 1 in Conjurations
   261 | D:1      | Reached XP level 2. HP: 18/20 MP: 0/8
   738 | D:1      | Found a shimmering altar of Xom.
  1153 | D:1      | Reached XP level 3. HP: 20/26 MP: 4/9
  1352 | D:2      | Noticed Ijyb
  1443 | D:1      | Killed Ijyb
  1443 | D:1      | Reached skill level 3 in Conjurations
  1819 | D:2      | Reached XP level 4. HP: 26/33 MP: 2/10
  1913 | D:2      | Reached skill level 4 in Conjurations
  2250 | D:2      | Noticed Natasha
  2256 | D:2      | Killed Natasha
  2490 | D:2      | Noticed Crazy Yiuf
  2497 | D:2      | Killed Crazy Yiuf
  2497 | D:2      | Reached XP level 5. HP: 28/38 MP: 3/11
  2615 | D:2      | Noticed Natasha
  2620 | D:2      | Killed Natasha
  2620 | D:2      | Reached skill level 5 in Conjurations
  2853 | D:2      | Noticed Natasha
  2855 | D:2      | Killed Natasha
  4305 | D:4      | Found a deep blue altar of Sif Muna.
  4691 | D:5      | Entered Level 5 of the Dungeon
  4729 | D:5      | Found Qeota's Antique Weapon Boutique.
  4832 | D:5      | Reached XP level 6. HP: 21/45 MP: 4/13
  4947 | D:5      | Reached skill level 6 in Conjurations
  5285 | D:5      | Found a staircase to the Ecumenical Temple.
  5454 | D:5      | Learned a level 3 spell: Mephitic Cloud
  6075 | D:6      | Reached XP level 7. HP: 50/50 MP: 6/17
  6260 | D:6      | Reached skill level 5 in Spellcasting
  6827 | D:6      | Found an iron altar of Okawaru.
  6827 | D:6      | Found a burning altar of Makhleb.
  6829 | D:6      | Found a sacrificial altar of Ru.
  6867 | D:6      | Found a snail-covered altar of Cheibriados.
  7001 | D:6      | Learned a level 3 spell: Conjure Flame
  7362 | D:6      | Reached XP level 8. HP: 54/57 MP: 18/20
  7545 | D:7      | Reached skill level 7 in Conjurations
  7699 | D:7      | Found Duocaiss's Antique Armour Shop.
  7752 | D:7      | Found a bloodstained altar of Trog.
  7752 | D:7      | Found a sparkling altar of Nemelex Xobeh.
  8409 | D:7      | Slain by an orc wizard

Vault maps used:
D:1:      minmay_arrival_cross, st_stairs_6, xom_teletrap_fun
D:2:      kennysheep_generic_room_11, uniq_iyjb, uniq_natasha,
          uniq_crazy_yiuf_cottage
D:3:      serial_forest, infiniplex_forest_end_1, infiniplex_forest_straight_2,
          infiniplex_forest_straight_4, infiniplex_forest_straight_2,
          infiniplex_forest_clump_diagonal, infiniplex_forest_lined_1,
          infiniplex_forest_straight_3, infiniplex_forest_clump_double,
          infiniplex_forest_zigzag_1, infiniplex_forest_lined_4_way
D:4:      led_sif_pool, first_bread
D:5:      minmay_temple_entry_hall, serial_shops, shop
D:6:      minitemple, chei_slow_surprise
D:7:      gammafunk_temple_overflow_wave, serial_shops, shop_statue,
          minmay_crystal_water

Action                   |  1- 3 |  4- 6 |  7- 9 || total
-------------------------+-------+-------+-------++-------
Melee: Quarterstaff      |       |    20 |    43 ||    63
 Cast: Magic Dart        |   120 |   204 |    95 ||   419
       Mephitic Cloud    |       |     3 |     3 ||     6
       Conjure Flame     |       |       |     3 ||     3
  Use: Scroll            |       |       |     5 ||     5
 Stab: Confused          |       |     1 |       ||     1
  Eat: Chunk             |     3 |    11 |     5 ||    19
       Beef jerky        |       |     1 |       ||     1
       Pizza             |       |       |     1 ||     1
